Map: Apotheosis LE

Players

restible - Winner!

  • Race: Zerg Zerg
  • League: Silver

Gracz

  • Race: Terran Terran
  • League: Silver

VOD

Have the link to the VOD?

Description

Time

  • Played on: Oct. 8, 2016, 4:07 p.m.
  • Length: 8:04
Show
View Real Time Build Order
Export as new Build Order

restible Zerg - Winner!

Build Orders: Hatch First 

Get SALT Encoding   

  12  0:01  Drone  
  13  0:11  Drone  
  14  0:16  Overlord  
  14  0:27  Extractor  
  13  0:29  Extractor, Drone x2  
  16  0:39  Drone  
  17  0:57  Hatchery  
  17  0:58  Drone  
  17  1:15  Drone  
  17  1:16  Spawning Pool  
  17  1:22  Overlord  
  17  1:31  Extractor, Drone x2  
  18  1:38  Drone  
  19  1:48  Drone  
  20  1:59  Drone  
  21  2:04  Queen  
  23  2:10  Zergling x2  
  23  2:14  Drone  
  23  2:15  Roach Warren  
  24  2:18  Queen  
  26  2:25  Drone  
  26  2:27  Zergling x2  
  28  2:34  Zergling x2  
  29  2:37  Drone  
  30  2:47  Evolution Chamber  
  30  2:48  Zergling x2  
  30  2:54  Drone x2  
  32  3:04  Roach  
  34  3:11  Zergling x2  
  34  3:12  Drone  
  36  3:16  Extractor  
  35  3:28  Drone  
  34  4:03  Zergling x4  
  34  4:06  Overlord x2  
  36  4:10  Overlord  
  36  4:14  Zerg Missile Weapons Level 1  
  36  4:19  Lair  
  36  4:21  Evolution Chamber  
  35  4:24  Roach  
  35  4:25  Roach  
  35  4:27  Roach x4  
  47  4:40  Roach  
  47  4:44  Roach  
  48  5:00  Roach  
  48  5:01  Roach x3  
  56  5:09  Zerg Ground Armor Level 1  
  56  5:13  Drone x3  
  59  5:16  Extractor, Overlord  
  59  5:17  Overlord  
  58  5:35  Roach  
  60  5:36  Roach  
  60  5:59  Roach  
  60  6:00  Roach x2  
  60  6:01  Roach x3  
  72  6:16  Roach  
  72  6:17  Roach  
  76  6:21  Overlord  
  76  6:23  Overlord  
  76  6:31  Glial Reconstitution  
  76  6:36  Metabolic Boost  
  76  6:50  Zergling x2  
  76  6:51  Zergling x4  
  57  7:08  Overseer x3  
  53  7:19  Roach  
  53  7:20  Roach  
  57  7:24  Roach  
  59  7:35  Extractor  
  58  7:40  Roach  
Show
View Real Time Build Order
Export as new Build Order

Gracz Terran 

Build Orders:  

Get SALT Encoding   

  12  0:01  SCV  
  13  0:17  Supply Depot  
  13  0:19  SCV  
  14  0:31  SCV  
  14  0:35  Refinery  
  15  0:41  Barracks  
  15  0:49  SCV  
  16  1:01  SCV  
  17  1:12  Barracks  
  17  1:13  SCV  
  18  1:21  Supply Depot  
  18  1:25  SCV  
  19  1:38  SCV  
  20  1:50  Barracks  
  20  1:57  Barracks Tech Lab  
  20  2:02  Barracks Tech Lab, Refinery  
  20  2:10  SCV  
  21  2:16  Factory  
  21  2:22  SCV  
  22  2:34  Ghost Academy  
  22  2:37  Ghost Academy  
  22  2:43  Barracks Tech Lab  
  22  2:59  SCV  
  23  3:16  Command Center  
  23  3:23  Marine x2  
  23  3:24  Marine  
  24  4:07  Reaper  
  24  4:08  Reaper  
  24  4:13  Command Center  
  24  4:18  Ghost Academy  
  24  4:19  Personal Cloaking  
  24  4:29  Factory Tech Lab  
  24  4:34  Starport  
  22  5:02  Reaper x2  
  22  5:04  Orbital Command  
  24  5:07  Nuke  
  21  5:58  Ghost x2  
  24  6:06  Supply Depot  
  15  6:23  Medivac  
  7  7:20  Supply Depot  
Tags
 
Add a new tag
Caveats
  • Supply blocks, unpowered buildings, or Contaminate may cause inaccurate times.
  • Supply counts are checked every 10 seconds.